AoeStats
← Mayshen

Golden Pit

510172134Analyzed
1v1 RM · 2d ago on Sep 29, 2026· 58m 43s· 2 players
Game mode
Random Map
Map size
Tiny (2 player)
Population
200
Speed
Normal
Resources
Standard
Victory
Conquest
Starting age
Dark Age
Ending age
Imperial Age
RankedLock teamsTeams togetherTeam positionsShared explorationLock speedFull tech treeHidden civsTurbo modeCheats
Victory
Defeat
🇩🇪 Teutons · Germany
1012
+15
🇨🇦 Vikings · Canada
1000
-45
Aether Rite
10:46 Feudal Age
9:03 Loom
11:11 Horse Collar
11:40 Double-Bit Axe
12:57 Man-at-Arms
19:31 Fletching
24:08 Castle Age
24:16 Forging
24:39 Light Cavalry
25:51 Crossbowman
28:02 Bow Saw
28:33 Heavy Plow
28:38 Gold Mining
30:03 Scale Barding Armor
33:32 Murder Holes
33:20 Elite Skirmisher
34:37 Pikeman
35:17 Squires
36:28 Bodkin Arrow
40:47 Scale Mail Armor
41:37 Town Watch
45:17 Imperial Age
45:10 Iron Casting
44:31 Town Watch
48:16 Conscription
48:31 Bracer
50:10 Blast Furnace
52:11 Cavalier
55:14 Chain Barding Armor
55:47 Padded Archer Armor
Mayshen
4:51 Loom
9:36 Feudal Age
9:45 Man-at-Arms
11:49 Fletching
12:12 Forging
12:34 Scale Mail Armor
12:54 Arson
23:55 Castle Age
22:00 Double-Bit Axe
24:30 Elite Skirmisher
25:39 Pikeman
26:20 Squires
28:05 Bow Saw
33:59 Wheelbarrow
34:03 Town Watch
36:00 Town Patrol
39:57 Imperial Age
39:31 Hand Cart
40:55 Ballistics
42:03 Padded Archer Armor
42:29 Conscription
43:24 Guard Tower
43:42 Fletching
46:04 Chemistry
46:01 Keep
46:47 Leather Archer Armor
46:28 Bodkin Arrow
49:36 Gold Mining
51:43 Horse Collar
54:42 Cavalier
55:11 Halberdier
Connection lost

Rejoining the realm…

Still unreachable

The connection could not be restored.

Session expired

The server has moved on; the page needs a fresh start.